 Dungeon Crawl Stone Soup version 0.21-a0-273-g0785366 (webtiles) character file.

91 JackS81 the Changer (level 4, -3/28 HPs)
             Began as an Octopode Transmuter on Sept 16, 2017.
             Killed by divine providence
             ... invoked by an orc priest
              (12 damage)
             ... on level 3 of the Dungeon.
             The game lasted 00:07:56 (1236 turns).

JackS81 the Changer (Octopode Transmuter)           Turns: 1236, Time: 00:07:58

Health: -3/28      AC:  1    Str: 14    XL:     4   Next: 59%
Magic:  1/7        EV: 19    Int: 16    God:
Gold:   93         SH:  0    Dex: 17    Spells: 1/7 levels left

rFire    x . .     SeeInvis .     - Unarmed
rCold    + . .     Gourm    .   (no shield)
rNeg     . . .     Faith    .   (helmet restricted)
rPois    .         Spirit   .   (no amulet)
rElec    .         Reflect  .   h - ring of ice
rCorr    .         Harm     .   (no ring)
MR       .....                  (no ring)
Stlth    ++++......             (no ring)
HPRegen  0.09/turn              (no ring)
MPRegen  0.10/turn              (no ring)
                                (no ring)
                                (no ring)

@: mighty, agile, appendage, very slightly contaminated
A: almost no armour, stealthy swim, amphibious, 8 rings, constrict 8, tentacle
spike 3, camouflage 1, gelatinous body 1
a: End Transformation


You were on level 3 of the Dungeon.
You were not hungry.
One of your tentacles had a temporary spike.
You visited 1 branch of the dungeon, and saw 3 of its levels.

You collected 93 gold pieces.

Inventory:

Missiles
 a - 36 arrows
 i - 16 poisoned needles
Jewellery
 h - a ring of ice (left tentacle)
Scrolls
 d - a scroll of magic mapping
 e - a scroll of remove curse {unknown}
Potions
 f - 2 potions of flight
 k - a potion of curing
Books
 b - a book of Changes

   Spells                             Type                      Level
   a - Beastly Appendage              Transmutation                1
   b - Sticks to Snakes               Transmutation                2
   c - Spider Form                    Transmutation/Poison         3
   d - Ice Form                       Ice/Transmutation            4
   e - Blade Hands                    Transmutation                5
Comestibles
 c - a bread ration
 g - 2 chunks of flesh
 j - a royal jelly


   Skills:
 - Level 1.0 Fighting
 - Level 2.0 Dodging
 - Level 3.0 Unarmed Combat
 - Level 2.0 Spellcasting
 * Level 4.6 Transmutations


You had one spell level left.
You knew the following spells:

 Your Spells              Type           Power        Failure   Level  Hunger
a - Beastly Appendage     Tmut           ###...       3%          1    #......
b - Sticks to Snakes      Tmut           ###.....     4%          2    ###....
c - Spider Form           Tmut/Pois      #.........   24%         3    ###....


Dungeon Overview and Level Annotations

Branches:
Dungeon (3/15)

Altars:


Innate Abilities, Weirdness & Mutations

You cannot wear most types of armour.
You are very stealthy in the water. (Stealth+)
You are amphibious.
You can wear up to eight rings at the same time.
You can use your tentacles to constrict eight enemies at once.
Your skin changes colour to match your surroundings (Stealth+).
Your rubbery body absorbs attacks. (AC +1, EV +1)
One of your tentacles bears a large vicious spike.


Message History

You bludgeon the frilled lizard!
You kill the frilled lizard!
You tentacle-slap the orc. You grab the orc. You squeeze the orc.
You kill the orc!
The orc wizard gestures at you while chanting.
The magic dart hits you!
Casting: Spider Form
Confirm with . or Enter, or press ? or * to list all spells.
One of your tentacles grows a vicious spike.
You barely miss the orc wizard. You grab the orc wizard.
You constrict the orc wizard, but do no damage.
The orc wizard closely misses you.
You tentacle-slap the orc wizard.
The orc wizard is lightly wounded.
You constrict the orc wizard.
The orc wizard gestures wildly while chanting.
The orc wizard struggles to blink free from constriction.
The orc priest calls down the wrath of Beogh upon you.
Beogh smites you!
You die...

..##. .....
.######## #..!
........# #..#
..#####@# #..#
#o######†.#
#o...l##.###
#####ooo...#.##
###o........
#.....#.###..#
#.#####.# . .#
..


You could see an orc priest and an orc wizard.

Vanquished Creatures
  A bullfrog skeleton (D:2)
  4 adders (D:2)
  A dart slug (D:2)
  3 leopard geckos (D:1)
  2 orcs (D:3)
  2 giant cockroaches
  3 goblins (D:1)
  2 hobgoblins (D:1)
  A quokka (D:2)
  A ball python (D:2)
  3 bats
  2 frilled lizards
  3 kobolds
  3 rats (D:1)
31 creatures vanquished.

Vanquished Creatures (collateral kills)
  An adder (D:2)
  An orc (D:3)
  A kobold (D:2)
  A rat (D:2)
4 creatures vanquished.

Grand Total: 35 creatures vanquished

Notes
Turn   | Place    | Note
-------+----------+-------------------------------------------
     0 | D:1      | JackS81 the Octopode Transmuter began the quest for the Orb.
     0 | D:1      | Reached XP level 1. HP: 13/13 MP: 3/3
   149 | D:1      | Reached XP level 2. HP: 18/18 MP: 3/5
   284 | D:1      | Reached skill level 3 in Transmutations
   415 | D:2      | Learned a level 2 spell: Sticks to Snakes
   429 | D:2      | Reached XP level 3. HP: 14/23 MP: 2/6
   481 | D:2      | HP: 1/34 [poisoned by an adder]
   822 | D:2      | Reached skill level 4 in Transmutations
   919 | D:2      | Reached XP level 4. HP: 28/28 MP: 2/7
  1048 | D:2      | Learned a level 3 spell: Spider Form
  1236 | D:3      | Killed from afar by an orc priest

Vault maps used:
D:1:      saegor_arrival_simple_f
D:3:      hangedman_ru_absence, uniq_natasha

Skill      XL: |  1  2  3 |
---------------+----------+-----
Transmutations | 3 4 |  4.6
Fighting       | |  1.0
Dodging        | |  2.0
Unarmed Combat | |  3.0
Spellcasting   | |  2.0

Action                   |  1- 3 |  4- 6 || total
-------------------------+-------+-------++-------
Melee: Unarmed           |    52 |    21 ||    73
       Constrict         |    13 |     6 ||    19
       Kick              |    11 |       ||    11
       Tentacles         |     6 |     3 ||     9
       Punch             |     2 |       ||     2
 Cast: Beastly Appendage |    13 |     3 ||    16
       Sticks to Snakes  |     8 |     3 ||    11
  Use: Potion            |     3 |     3 ||     6
       Scroll            |     3 |       ||     3
 Stab: Distracted        |     1 |       ||     1
       Sleeping          |       |     1 ||     1
  Eat: Chunk             |     1 |     1 ||     2
Armor: Skin              |     6 |       ||     6
Dodge: Dodged            |    28 |    11 ||    39

Table legend:
 A = Spawn XP
 B = Non-spawn XP
 C = Spawn XP percentage of total XP
 D = Spawn monster count
 E = Non-spawn monster count
 F = Spawn count percentage of total count
 G = Total turns spent on level
                    A         B        C        D         E        F      G
               +---------+---------+-------+---------+---------+-------+---------
         Total |       0 |     131 |   0.0 |       0 |      35 |   0.0 |  1236
               +---------+---------+-------+---------+---------+-------+---------
           D:1 |       0 |      24 |   0.0 |       0 |      13 |   0.0 |   409
           D:2 |       0 |      95 |   0.0 |       0 |      16 |   0.0 |   787
           D:3 |       0 |      12 |   0.0 |       0 |       6 |   0.0 |    40
               +---------+---------+-------+---------+---------+-------+---------
